 Dungeon Crawl Stone Soup version 0.22.0-38-g04b72b8 (webtiles) character file.

4354 Lew the Protected (level 10, -2/84 HPs)
             Began as a Minotaur Fighter on Aug 30, 2018.
             Was a Follower of Trog.
             Slain by a death yak (25 damage)
             ... on level 8 of the Dungeon.
             The game lasted 00:14:14 (5433 turns).

Lew the Protected (Minotaur Fighter)                Turns: 5433, Time: 00:14:15

Health: -2/84      AC: 10    Str: 20 (21) XL:     10   Next: 12%
Magic:  9/9        EV: 13    Int:  3 (5)  God:    Trog [*.....]
Gold:   430        SH: 15    Dex: 12 (13) Spells: 9/9 levels left

rFire    . . .     SeeInvis .   a - +1 war axe
rCold    . . .     Gourm    .   c - +0 shield
rNeg     . . .     Faith    .   u - +2 robe of Vines {NoPotionHeal Regen+7}
rPois    .         Spirit   .   (helmet restricted)
rElec    .         Reflect  +   j - +0 cloak
rCorr    .         Harm     .   k - +1 pair of gloves
MR       +....                  v - +0 pair of boots
Stlth    +.........             r - +3 amulet of reflection
HPRegen  3.04/turn              x - ring of protection from magic
MPRegen  0.11/turn              (no ring)

@: very slightly contaminated
A: retaliatory headbutt, horns 2
a: Berserk, Renounce Religion


You were on level 8 of the Dungeon.
You worshipped Trog.
Trog was aware of your devotion.
You were not hungry.

You visited 2 branches of the dungeon, and saw 9 of its levels.

You collected 430 gold pieces.

Inventory:

Hand Weapons
 a - a +1 war axe (weapon)
Armour
 c - a +0 shield (worn)
 j - a +0 cloak (worn)
 k - a +1 pair of gloves (worn)
 q - a scarf of cloud immunity
 s - a +0 chain mail of cold resistance
 u - the +2 robe of Vines (worn) {NoPotionHeal Regen+7}
   (You found it on level 4 of the Dungeon)

   It increases your rate of regeneration.
 v - a +0 pair of boots (worn)
Jewellery
 g - an uncursed ring of wizardry {unknown}
 r - a +3 amulet of reflection (around neck)
 x - a ring of protection from magic (left hand)
 D - a +2 ring of strength
Wands
 b - a wand of enslavement (8)
 d - a wand of disintegration (7)
Scrolls
 i - a scroll of immolation
 l - a scroll of remove curse
 m - 4 scrolls of fog
 o - 2 scrolls of fear
 p - 2 scrolls of teleportation
Potions
 e - 4 potions of curing
 h - a potion of ambrosia
 n - 3 potions of cancellation
 t - a potion of lignification
Comestibles
 f - 13 rations


   Skills:
 + Level 6.9 Fighting
 * Level 8.7 Axes
 - Level 10.0 Armour
 + Level 5.1 Dodging
 - Level 10.0 Shields


You had 9 spell levels left.
You didn't know any spells.
Your spell library was empty.

Dungeon Overview and Level Annotations

Branches:
Dungeon (8/15)             Temple (1/1) D:5            Lair (0/6) D:8

Altars:
Dithmenos
Elyvilon
Fedhas
Gozag
Hepliaklqana
Kikubaaqudgha
Makhleb
Nemelex Xobeh
Qazlal
Ru
Sif Muna
Trog
Uskayaw
Vehumet
Wu Jian
Xom
Zin
The Shining One


Innate Abilities, Weirdness & Mutations

You reflexively headbutt those who attack you in melee.
You have a pair of horns on your head.


Message History

You block the death yak's attack.
The centaur warrior zombie hits you but does no damage.
Unknown command.
You hit the death yak but do no damage. You headbutt the death yak.
You kill the death yak!
Trog accepts your kill.
You feel your strength returning.
Your Dodging skill increases to level 5!
You have reached level 10!
You hit the death yak. You barely miss the death yak.
You slash the centaur warrior zombie! You hit the death yak but do no damage.
The death yak gores you!! The death yak gores you!
* * * LOW HITPOINT WARNING * * *
The centaur warrior zombie misses you. You furiously retaliate!
You headbutt the centaur warrior zombie!
The death yak closely misses you. The death yak gores you.
* * * LOW HITPOINT WARNING * * *
The centaur warrior zombie closely misses you.
The death yak gores you!!
You die...

##...#.#.. . #........# #
.###........#.#
........#.....#
#....#......# ####
#....W../..## . .....
#..YY>Z......
.###..########..YZY....$##
............##..@##.....#
...#..#...........#....##
.........##.##.#.......#
.........##.##.........#
.###.#..##.##.........#
..###....>..######..####
....).(.(#### .##
..######.### .# #.....#


You could see 4 death yaks, a hungry ghost, a centaur warrior zombie and a
centaur skeleton.

Vanquished Creatures
  A death yak (D:8)
  The ghost of poirepourri the Cleaver, a novice DDFi (D:6)
  Sigmund (D:2)
  A spriggan (D:7)
  An ice beast (D:5)
  4 sky beasts
  A phantom (D:6)
  2 black bears (D:7)
  6 ogres
  4 centaurs
  2 bullfrogs
  A wyvern skeleton (D:7)
  2 scorpions
  A centaur zombie (D:7)
  4 crimson imps
  4 hounds
  A centaur skeleton (D:7)
  4 orc priests
  An orc wizard (D:4)
  2 jellies (D:6)
  Terence (D:2)
  6 worker ants
  4 iguanas
  A killer bee zombie (D:5)
  A howler monkey zombie (D:7)
  Robin (D:4)
  3 gnolls (D:3)
  15 adders
  An adder skeleton (D:5)
  A worm (D:2)
  3 dart slugs (D:1)
  3 leopard geckos
  22 orcs
  9 bats
  5 giant cockroaches
  13 goblins
  13 hobgoblins
  3 jackals (D:2)
  5 kobolds
  2 quokkas
  2 ball pythons
  2 frilled lizards
  A quokka skeleton (D:4)
  10 rats
171 creatures vanquished.

Notes
Turn   | Place    | Note
-------+----------+-------------------------------------------
     0 | D:1      | Lew the Minotaur Fighter began the quest for the Orb.
     0 | D:1      | Reached XP level 1. HP: 19/19 MP: 0/0
   133 | D:1      | Reached XP level 2. HP: 24/26 MP: 1/1
   262 | D:1      | Reached skill level 5 in Armour
   333 | D:1      | Reached XP level 3. HP: 31/31 MP: 2/2
   730 | D:2      | Noticed Terence
   733 | D:2      | Noticed Sigmund
   740 | D:2      | Killed Terence
   744 | D:1      | Reached XP level 4. HP: 18/39 MP: 3/3
   920 | D:2      | Killed Sigmund
   920 | D:2      | Reached XP level 5. HP: 39/45 MP: 4/4
  1131 | D:2      | Reached XP level 6. HP: 44/51 MP: 5/5
  1188 | D:2      | Found an ancient bone altar of Kikubaaqudgha.
  1857 | D:3      | Found a hide-covered altar of Uskayaw.
  2236 | D:4      | Reached XP level 7. HP: 32/57 MP: 6/6
  2404 | D:4      | Found the +2 robe of Vines {NoPotionHeal Regen+7}
  2426 | D:4      | Reached skill level 10 in Armour
  2505 | D:4      | Noticed Robin
  2509 | D:4      | Killed Robin
  2733 | D:4      | Reached skill level 5 in Shields
  2952 | D:5      | Entered Level 5 of the Dungeon
  2960 | D:5      | Found a stormy altar of Qazlal.
  2962 | D:5      | Noticed a fire elemental
  3063 | D:5      | Reached XP level 8. HP: 51/64 MP: 7/7
  3177 | D:5      | Noticed an air elemental
  3598 | D:5      | Found an ornate altar of the Wu Jian Council.
  3751 | D:5      | Found a staircase to the Ecumenical Temple.
  4064 | Temple   | Entered the Ecumenical Temple
  4158 | Temple   | Became a worshipper of Trog the Wrathful
  4249 | D:6      | Reached skill level 10 in Shields
  4310 | D:6      | Reached skill level 1 in Dodging
  4444 | D:6      | Found a burning altar of Makhleb.
  4638 | D:6      | Found an opulent altar of Gozag.
  4639 | D:6      | Found a runed gate.
  4639 | D:6      | Found a runed gate.
  4639 | D:6      | Found a runed gate.
  4657 | D:6      | Noticed poirepourri's ghost (novice DDFi)
  4811 | D:6      | Killed poirepourri's ghost
  4811 | D:6      | Reached skill level 5 in Fighting
  4811 | D:6      | Reached skill level 5 in Axes
  4811 | D:6      | Reached XP level 9. HP: 74/74 MP: 8/8
  5034 | D:7      | Reached * piety under Trog
  5197 | D:7      | Found a shimmering altar of Xom.
  5399 | D:8      | Noticed a death yak
  5401 | D:8      | Found a staircase to the Lair.
  5402 | D:8      | Noticed a death yak
  5403 | D:8      | Noticed a death yak
  5403 | D:8      | Noticed a death yak
  5403 | D:8      | Noticed a death yak
  5403 | D:8      | Noticed a death yak
  5432 | D:8      | Killed a death yak
  5432 | D:8      | Reached skill level 5 in Dodging
  5432 | D:8      | Reached XP level 10. HP: 46/84 MP: 9/9
  5433 | D:8      | Slain by a death yak

Skill      XL: |  1  2  3  4  5  6  7  8  9 |
---------------+----------------------------+-----
Armour         | 4 5 7 8 9 10 | 10.0
Shields        | 7 10 | 10.0
Axes           | 5 8 |  8.7
Dodging        | 2 5 |  5.1
Fighting       | 5 6 |  6.9

Action                   |  1- 3 |  4- 6 |  7- 9 | 10-12 || total
-------------------------+-------+-------+-------+-------++-------
Melee: War axe           |    97 |   126 |   343 |       ||   566
       Headbutt          |     9 |    15 |    75 |       ||    99
  Use: Scroll            |       |       |    18 |       ||    18
       Potion            |       |       |     3 |       ||     3
 Stab: Invisible         |       |       |    11 |       ||    11
       Sleeping          |       |       |     2 |       ||     2
  Eat: Chunk             |       |     3 |     9 |       ||    12
       Ration            |       |     1 |       |       ||     1
Armor: Scale mail        |    55 |    71 |       |       ||   126
       Chain mail        |       |     3 |    13 |       ||    16
       Robe              |       |       |    85 |       ||    85
Dodge: Dodged            |    42 |    46 |   120 |     3 ||   211
Block: Shield            |    65 |    72 |   230 |       ||   367
       Reflection        |       |       |     8 |       ||     8
